 Dungeon Crawl Stone Soup version 0.18-a0-1027-g814d7dd (console) character file.

214979 FIQ the Warrior (level 17, 0/216 HPs)
             Began as a Demonspawn Fighter on Jan 8, 2016.
             Incinerated by a deep elf mage (2 damage)
             ... with a sticky flame
             ... on level 2 of the Elven Halls.
             The game lasted 04:01:24 (34430 turns).

FIQ the Warrior (Demonspawn Fighter)               Turns: 34430, Time: 04:01:25

Health: 0/216      AC: 26    Str: 40    XL:     17   Next: 86%
Magic:  0/17       EV: 10    Int:  6    God:    Xom [..*...]
Gold:   3746       SH: 13    Dex: 24    Spells: 0 memorised, 16 levels left

rFire  . . .     SeeInvis +     B - +5 morningstar (elec)
rCold  + + +     Gourm    .     Q - +4 scale mail of the Wild Haggis {Str+8 Int-5 Dex+6 SInv}
rNeg   . . .     Faith    .     y - +0 buckler "Hikhueg" {rPois rCorr Str+4 SInv}
rPois  +         Spirit   +     (helmet restricted)
rElec  .         Dismiss  .     G - +0 cloak
rCorr  +         Reflect  .     Y - +1 pair of gloves
SustAt .         Harm     .     b - +1 pair of boots {Fly}
MR     +++..                    T - amulet of regeneration
Stlth  ..........               W - +4 ring of strength
                                p - ring of stealth

@: berserking, liquid flames, flying, very slightly contaminated, glowing,
heavily drained, very quick, extremely resistant to hostile enchantments,
extremely unstealthy
A: horns 1, talons 2, large bone plates 3, cold resistance 3, magic resistance
2, nightstalker 2, sense surroundings 1, shaggy fur 2, strong 1, wild magic 1,
magic shield
a: Renounce Religion, Stop Flying
}: 2/15 runes: decaying, gossamer


You were on level 2 of the Elven Halls.
You worshipped Xom.
You were a toy of Xom.
You were not hungry.

You visited 6 branches of the dungeon, and saw 30 of its levels.
You also visited: Labyrinth and Volcano.

You collected 4719 gold pieces.
You spent 973 gold pieces at shops.

Inventory:

Hand Weapons
 B - a +5 morningstar of electrocution (weapon)
Armour
 b - a +1 pair of boots of flying (worn)
 m - the +2 ring mail of Dim Light {rElec}
   (You bought it in a shop on level 10 of the Dungeon)

   It insulates you from electricity.
 n - a +1 scale mail of fire resistance
 y - the +0 buckler "Hikhueg" (worn) {rPois rCorr Str+4 SInv}
   (You found it on level 6 of the Lair of Beasts)

   It affects your strength (+4).
   It protects you from poison.
   It lets you see invisible.
   It protects you from acid and corrosion.
 G - a +0 cloak (worn)
 Q - the +4 scale mail of the Wild Haggis (worn) {Str+8 Int-5 Dex+6 SInv}
   (You found it on level 8 of the Dungeon)

   It affects your strength (+8).
   It affects your intelligence (-5).
   It affects your dexterity (+6).
   It lets you see invisible.
 Y - a +1 pair of gloves (worn)
Jewellery
 d - an uncursed ring of sustain attributes
 i - an uncursed ring of resist corrosion
 p - a ring of stealth (left hand)
 r - an uncursed amulet of rage
 u - an uncursed ring of fire
 w - an uncursed ring of protection from cold
 C - a +6 ring of intelligence
 T - an amulet of regeneration (around neck)
 W - a +4 ring of strength (right hand)
Wands
 h - a wand of paralysis (1/24)
 o - a wand of hasting (2/9)
 q - a wand of confusion (6/48)
 t - a wand of lightning (7/15)
 M - a wand of polymorph (8/24)
 N - a wand of paralysis (9/24)
 P - a wand of cold (8/15)
 S - a wand of paralysis (18/24)
 V - a wand of hasting (3/9)
 X - a wand of disintegration (3/24)
 Z - a wand of polymorph (9/24)
Scrolls
 j - a scroll of blinking
 s - 9 scrolls of remove curse
 A - 3 scrolls of enchant armour
 J - 2 scrolls of fear
 K - 2 scrolls of fog
 L - a scroll of magic mapping
 R - 9 scrolls of identify
 U - 10 scrolls of recharging
Potions
 l - 3 potions of magic
 v - 5 potions of brilliance
 x - 2 potions of resistance
 H - a potion of agility
 I - a potion of cancellation
Comestibles
 f - 18 bread rations
 k - 31 fruits
 z - 21 meat rations
 F - 16 beef jerkies
 O - 7 slices of pizza


   Skills:
 + Level 16.0(14.5) Fighting
 * Level 15.4(13.9) Maces & Flails
 + Level 14.9(13.4) Armour
 + Level 14.9(13.4) Shields


You had 16 spell levels left.
You didn't know any spells.

Dungeon Overview and Level Annotations

Branches:
Dungeon (10/15)            Temple (0/1) D:6            Lair (8/8) D:10
  Swamp (4/4) Lair:6       Spider (4/4)               Slime (0/6) Lair:7
    Orc (2/2) D:10            Elf (2/3) Orc:2

Altars:
Ashenzari
Cheibriados
Dithmenos
Elyvilon
Kikubaaqudgha
Okawaru
Qazlal
Ru
Sif Muna
Trog
Vehumet
Xom
Yredelemnul
Zin
Jiyva

Shops:
D:4 ??!*   D:10 [   Orc:2 (?**

Annotations:
Lair:4 exclusion: oklob plant
Lair:7 exclusion: oklob plant
Elf:2 5 runed doors


Innate Abilities, Weirdness & Mutations

You have razor-sharp toenails.
You are completely covered in large bone plates (AC +4, SH +4).
You are significantly more attuned to the shadows.
When hurt, damage is shared between your health and your magic reserves.
You have a pair of small horns on your head.
Your flesh is almost immune to the effects of cold.
You are highly resistant to hostile enchantments.
You passively map a small area around you.
You are covered in thick fur (AC +2).
Your muscles are strong. (Str +2)
Your spells are a little harder to cast, but a little more powerful.


Message History

Evoke which item? (* to show all) (? for menu, Esc to quit)
Okay, then.
Drink which item? (? for menu, Esc to quit)
You're too hungry to go berserk.
Eat which item? (? for menu, Esc to quit)
You are covered in liquid flames!
* * * LOW HITPOINT WARNING * * *
Mmmm...
Yummy apple.
Drink which item? (? for menu, Esc to quit)
A red film seems to cover your vision as you go berserk!
You feel yourself moving faster!
You feel mighty!
You are covered in liquid flames!
* * * LOW HITPOINT WARNING * * *
You feel a strong urge to attack something.
You are covered in liquid flames!
* * * LOW HITPOINT WARNING * * *
You are too berserk!
You are covered in liquid flames!
You die... "It was about time."

** * * *, ** * , * ,...##...##. *
, , ,..........., , , , ,,
.......... , , ........# , , ,,,,
#.....#* ,, , , #..@## * ,
###+++++#### ##...##*
.#.......#.## #....#........ ..#.
#...#.#...#.##...................
.#..###..#.##....................
..#..#..#...##........... .......
...).#...)..###.........# #......
##...#...##.###.........###......
.#########..##.(.........#.......
##...#...##.#.............(......
.....#......##.)...........)))...


There were no monsters in sight!

Vanquished Creatures
  3 thorn hunters
  3 ghost moths (Spider:4)
  An orc warlord (Orc:1)
  A deep elf sorcerer (Elf:1)
  A deep elf elementalist (Elf:1)
  6 emperor scorpions
  A spark wasp (Spider:4)
  2 minotaurs
  3 entropy weavers
  An ogre mage (Orc:2)
  Fannar (Orc:1)
  17 hydras
  The ghost of Arkorax the Grappler, a novice TrMo of Qazlal (D:8)
  A centaur warrior (Orc:2)
  A catoblepas (Lair:5)
  8 alligators
  A ghost crab (Swamp:2)
  A queen ant (Spider:3)
  13 dancing weapons
  8 death yaks
  A spriggan berserker (Swamp:4)
  An orc high priest (Orc:1)
  Sonja (Lair:4)
  11 deep elf knights
  Urug (Volcano)
  A death drake (Spider:4)
  A shambling mangrove (Swamp:1)
  A spriggan druid (Swamp:4)
  12 swamp dragons
  8 deep elf archers
  2 hill giants (D:10)
  3 orc knights
  22 deep elf magi
  11 hornets
  30 wolf spiders
  11 orb spiders
  3 ugly things (Swamp:4)
  3 orc sorcerers (Orc:1)
  An oklob plant (Lair:3)
  4 griffons
  4 moths of wrath
  9 elephants
  Maurice (Orc:1)
  3 black mambas (Lair:5)
  21 spiny frogs
  An eye of devastation (shapeshifter) (Orc:1)
  7 komodo dragons
  3 fire drakes
  5 demonic crawlers
  2 trolls
  18 jumping spiders
  14 giant leeches
  11 bog bodies
  Grinder (D:4)
  13 blink frogs
  4 boulder beetles
  16 slime creatures
  A snapping turtle (Lair:4)
  40 yaks
  3 water elementals
  7 spriggans
  16 tarantellas
  26 redbacks
  17 trapdoor spiders
  5 wraiths (Lair:7)
  A wyvern (Lair:6)
  Grum (D:9)
  3 fire elementals
  8 hippogriffs
  A golden eye (Orc:2)
  10 wolves
  2 hungry ghosts
  4 basilisks
  2 wargs (Orc:1)
  2 spatial vortices (Elf:1)
  26 swamp worms
  16 vampire mosquitoes
  26 soldier ants
  Edmund (D:4)
  6 insubstantial wisps (Swamp:4)
  22 water moccasins
  12 swamp drakes
  19 porcupines
  An ice beast (D:7)
  A sky beast (D:8)
  16 ogres
  11 wasps
  43 orc warriors
  14 centaurs
  23 crocodiles
  29 giant frogs
  A scorpion (D:4)
  3 wights (D:6)
  6 electric eels
  A crimson imp (D:6)
  A centaur zombie (D:9)
  A centaur skeleton (D:8)
  21 orc priests
  A giant frog skeleton (D:9)
  4 hounds
  22 orc wizards
  3 jellies
  Ijyb (D:2)
  Natasha (thrice) (D:2)
  6 iguanas
  21 worker ants
  10 sheep
  3 hound zombies
  2 hound skeletons
  A mummy (D:9)
  3 worker ant zombies
  Robin (D:4)
  15 adders
  5 gnolls
  78 river rats
  2 shadow imps (D:7)
  3 oozes
  An adder zombie (D:8)
  3 adder skeletons
  5 worms
  8 giant geckos
  90 orcs
  4 giant cockroaches
  15 goblins
  13 hobgoblins
  3 jackals (D:1)
  9 kobolds
  6 quokkas
  5 bats
  A giant newt (D:1)
  A quokka skeleton (D:5)
  A quokka zombie (D:5)
  8 rats
  A bush (Lair:5)
  A fungus (Lair:8)
  12 plants
1155 creatures vanquished.

Vanquished Creatures (collateral kills)
  2 dancing weapons (Elf:2)
  A spriggan berserker (Swamp:4)
  The ghost of runewalsh the Frost Mage, a novice OpIE (D:9)
  A fire drake (Lair:4)
  A blink frog (Lair:7)
  A slime creature (Swamp:3)
  A yak (Lair:7)
  A hippogriff (Lair:7)
  A swamp worm (Swamp:4)
  A porcupine (shapeshifter) (Orc:2)
  A swamp drake (Swamp:4)
  An orc warrior (D:10)
  2 ogres
  A centaur (D:9)
  A crocodile (Lair:8)
  A gnoll sergeant (D:7)
  A scorpion (D:7)
  A centaur zombie (D:7)
  3 gnolls (D:7)
  3 orcs
26 creatures vanquished.

Vanquished Creatures (others)
  Josephine (Lair:7)
  3 dancing weapons
  An orb spider (Spider:1)
  A blink frog (Lair:7)
  2 tarantellas
  A hippogriff (Lair:7)
  2 orc warriors (Orc:2)
  2 orc wizards
  5 orcs (Orc:2)
  2 bushes (Lair:8)
  26 fungi
  8 plants
54 creatures vanquished.

Grand Total: 1235 creatures vanquished

Notes
Turn   | Place    | Note
--------------------------------------------------------------
     0 | D:1      | FIQ the Demonspawn Fighter began the quest for the Orb.
     0 | D:1      | Reached XP level 1. HP: 18/18 MP: 1/1
   322 | D:1      | Gained mutation: You are partially covered in large bone plates (AC +2, SH +2). [demonic ancestry]
   322 | D:1      | Reached XP level 2. HP: 20/24 MP: 2/2
   794 | D:1      | Reached XP level 3. HP: 29/29 MP: 3/3
   911 | D:2      | Noticed Natasha
   917 | D:2      | Killed Natasha
  1015 | D:2      | Noticed Ijyb
  1086 | D:2      | Killed Ijyb
  1086 | D:2      | Gained mutation: You have sharp toenails. [demonic ancestry]
  1086 | D:2      | Reached XP level 4. HP: 35/37 MP: 4/4
  1159 | D:2      | Found a faded altar to an unknown god.
  1176 | D:2      | Became a worshipper of Xom of Swiftly Tilting Intent
  1229 | D:2      | Noticed Natasha
  1244 | D:2      | Killed Natasha
  1387 | D:2      | XOM: silly message
  1410 | D:2      | XOM: divination: magic mapping
  1531 | D:2      | Reached XP level 5. HP: 39/42 MP: 5/5
  1631 | D:2      | XOM: harmless Chrm miscast
  1649 | D:2      | Noticed Natasha
  1661 | D:2      | Killed Natasha
  1718 | D:2      | Reached skill level 4 in Fighting
  1756 | D:3      | XOM: scenery: create altars
  2052 | D:3      | XOM: 4-stop teleportation journey
  2102 | D:3      | Found a radiant altar of Vehumet.
  2199 | D:3      | Found an iron altar of Okawaru.
  2385 | D:3      | XOM: vitrification
  2424 | D:3      | Reached XP level 6. HP: 48/48 MP: 6/6
  2970 | D:4      | Found Apous Xutza's Assorted Antiques.
  2978 | D:4      | Bought a wooden wand for 88 gold pieces
  2978 | D:4      | Bought a long wooden wand for 88 gold pieces
  2980 | D:4      | Noticed Edmund
  2982 | D:4      | Found Waahiran's Magic Scroll Shop.
  2995 | D:4      | Gained mutation: You are frail (-10% HP). [potion of mutation]
  2995 | D:4      | Gained mutation: You are weak. (Str -2) [potion of mutation]
  2995 | D:4      | Gained mutation: You are very frail (-20% HP). [potion of mutation]
  2996 | D:4      | Lost mutation: You are very frail (-20% HP). [potion of cure mutation]
  2996 | D:4      | Lost mutation: You are frail (-10% HP). [potion of cure mutation]
  2996 | D:4      | Lost mutation: You are weak. (Str -2) [potion of cure mutation]
  3018 | D:4      | XOM: summons friendly quasit
  3046 | D:4      | Killed Edmund
  3057 | D:4      | Found Bicoloq's Distillery.
  3064 | D:4      | Bought a potion of poison for 10 gold pieces
  3064 | D:4      | Bought a potion of degeneration for 10 gold pieces
  3093 | D:4      | Reached XP level 7. HP: 32/55 MP: 7/7
  3260 | D:4      | XOM: noise
  3277 | D:4      | XOM: divination: detect creatures
  3317 | D:4      | Noticed Robin
  3320 | D:4      | Noticed Grinder
  3321 | D:4      | Found Peedegh's Magic Scroll Emporium.
  3354 | D:4      | XOM: vitrification
  3355 | D:4      | Killed Robin
  3367 | D:4      | XOM: fog
  3371 | D:4      | Killed Grinder
  3371 | D:4      | Reached skill level 5 in Fighting
  3371 | D:4      | Reached skill level 5 in Maces & Flails
  3470 | D:4      | XOM: god gift: 650 gold pieces
  3602 | D:5      | Entered Level 5 of the Dungeon
  3612 | D:5      | XOM: god gift: droning book {god gift}
  3613 | D:5      | Identified Xom's Tome of Flying Arcane Weapons (Xom gifted it to you on level 5 of the Dungeon)
  3631 | D:5      | Gained mutation: You are slightly more attuned to the shadows. [demonic ancestry]
  3631 | D:5      | Reached XP level 8. HP: 62/62 MP: 8/8
  3664 | D:5      | Found an iron altar of Okawaru.
  3684 | D:5      | XOM: give mutations
  3684 | D:5      | Gained mutation: Your flesh is cold resistant. [Xom's grace]
  3684 | D:5      | Gained mutation: You can translocate small distances at will. [Xom's grace]
  3684 | D:5      | Gained mutation: Your flesh is very cold resistant. [Xom's grace]
  3684 | D:5      | Gained mutation: Your spells are a little harder to cast, but a little more powerful. [Xom's grace]
  4008 | D:5      | Reached skill level 6 in Maces & Flails
  4238 | D:6      | XOM: vitrification
  4256 | D:6      | Reached skill level 5 in Armour
  4288 | D:6      | XOM: vitrification
  4353 | D:6      | Found a staircase to the Ecumenical Temple.
  4368 | D:6      | XOM: repel stairs
  4510 | D:6      | XOM: medium Pois miscast
  4562 | D:6      | XOM: enchant monster (bad)
  4570 | D:6      | Reached skill level 5 in Shields
  4887 | D:7      | XOM: swap monsters
  4948 | D:7      | XOM: confusion (+ monsters)
  5062 | D:7      | Reached skill level 7 in Maces & Flails
  5109 | D:7      | XOM: mild Necr miscast
  5130 | D:7      | XOM: chaos upgrade
  5230 | D:7      | Gained mutation: You are mostly covered in large bone plates (AC +3, SH +3). [demonic ancestry]
  5230 | D:7      | Reached XP level 9. HP: 25/69 MP: 9/9
  5287 | D:7      | XOM: enchant monster (good)
  5327 | D:7      | Got a warped scale mail
  5341 | D:7      | Identified the +0 scale mail of Resourcefulness {rN+ rCorr} (You found it on level 7 of the Dungeon)
  5423 | D:7      | XOM: colour smoke trail
  5450 | D:7      | XOM: confuse monster(s)
  5451 | D:7      | XOM: cast spell 'Cause Fear'
  5502 | D:7      | XOM: 4-stop teleportation journey
  5537 | D:7      | XOM: scenery: 1 doors close
  5654 | D:7      | XOM: cast spell 'Monstrous Menagerie'
  5910 | D:7      | XOM: give mutations
  5910 | D:7      | Gained mutation: You are covered in fur (AC +1). [Xom's grace]
  5910 | D:7      | Gained mutation: Your mind is acute. (Int +2) [Xom's grace]
  5910 | D:7      | Gained mutation: You are resistant to hostile enchantments. [Xom's grace]
  5910 | D:7      | Gained mutation: You passively map a small area around you. [Xom's grace]
  6118 | D:8      | Found a basalt altar of Yredelemnul.
  6134 | D:8      | XOM: 2-stop teleportation journey
  6237 | D:8      | Got a crude scale mail
  6238 | D:8      | Identified the +4 scale mail of the Wild Haggis {Str+8 Int-5 Dex+6 SInv} (You found it on level 8 of the Dungeon)
  6293 | D:8      | Reached skill level 8 in Maces & Flails
  6325 | D:8      | XOM: vitrification
  6381 | D:8      | XOM: scenery: 1 doors open
  6526 | D:8      | Found a white marble altar of Elyvilon.
  6665 | D:8      | XOM: god gift: scroll of recharging
  6704 | D:8      | Noticed Arkorax's ghost (novice TrMo)
  6710 | D:8      | XOM: divine lightning (protected)
  6721 | D:8      | XOM: chaos cloud
  6728 | D:8      | XOM: enchant monster (good)
  6735 | D:8      | XOM: harmless Pois miscast
  6742 | D:8      | Killed Arkorax's ghost
  6991 | D:8      | Found a bloodstained altar of Trog.
  7089 | D:9      | XOM: polymorph orc priest -> sheep
  7134 | D:9      | Noticed runewalsh's ghost (novice OpIE)
  7138 | D:9      | XOM: enchant monster (good)
  7140 | D:9      | XOM: summons 6 friendly demons
  7147 | D:9      | XOM: 2-stop teleportation journey
  7147 | D:9      | Killed runewalsh's ghost
  7147 | D:9      | Gained mutation: You have razor-sharp toenails. [demonic ancestry]
  7147 | D:9      | Reached XP level 10. HP: 58/79 MP: 10/10
  7161 | D:9      | Found a stormy altar of Qazlal.
  7162 | D:9      | Found a shadowy altar of Dithmenos.
  7162 | D:9      | Found a sacrificial altar of Ru.
  7163 | D:9      | Found a shattered altar of Ashenzari.
  7164 | D:9      | Found a glowing silver altar of Zin.
  7164 | D:9      | Found an ancient bone altar of Kikubaaqudgha.
  7165 | D:9      | Found a deep blue altar of Sif Muna.
  7263 | D:9      | XOM: god gift: 8 needles of paralysis
  7289 | D:9      | Found a snail-covered altar of Cheibriados.
  7334 | D:9      | Reached skill level 9 in Maces & Flails
  7389 | D:9      | Noticed Grum
  7393 | D:9      | XOM: summons friendly white imp
  7395 | D:9      | Killed Grum
  7397 | D:9      | XOM: potion effect (agility)
  7398 | D:9      | XOM: summons 5 friendly demons
  7400 | D:9      | XOM: harmless Chrm miscast
  7444 | D:9      | Got a fine leather armour
  7445 | D:9      | Identified the cursed +1 leather armour "Xosiagr Zaop" {SInv} (You found it on level 9 of the Dungeon)
  7538 | D:9      | XOM: confuse monster(s)
  7550 | D:9      | XOM: cast spell 'Olgreb's Toxic Radiance'
  7563 | D:9      | XOM: harmless Summ miscast
  7565 | D:9      | XOM: cast spell 'Hydra Form'
  7567 | D:9      | XOM: colour smoke trail
  7613 | D:9      | XOM: confuse monster(s)
  7682 | D:9      | XOM: colour smoke trail
  7701 | D:9      | XOM: cast spell 'Dragon Form'
  7804 | D:10     | Entered Level 10 of the Dungeon
  7809 | D:10     | XOM: 8-stop teleportation journey
  7820 | D:10     | XOM: mild Pois miscast
  7823 | D:10     | XOM: mild Tloc miscast
  7901 | D:10     | Noticed a hill giant
  7910 | D:10     | XOM: confuse monster(s)
  7919 | D:10     | XOM: mild Conj miscast
  7922 | D:10     | XOM: divination: detect creatures
  7930 | D:10     | Killed a hill giant
  8119 | D:10     | Found Zin Kamy's Antique Armour Shop.
  8122 | D:10     | Bought a distressingly furry ring mail for 225 gold pieces
  8122 | D:10     | Bought a pair of glowing gloves for 112 gold pieces
  8127 | D:10     | Identified the +2 ring mail of Dim Light {rElec} (You bought it in a shop on level 10 of the Dungeon)
  8148 | D:10     | XOM: harmless Ice miscast
  8162 | D:10     | Noticed a hill giant
  8166 | D:10     | XOM: summons friendly shadow imp
  8173 | D:10     | Killed a hill giant
  8198 | D:10     | XOM: enchant monster (good)
  8381 | D:10     | Found a staircase to the Lair.
  8515 | D:10     | XOM: summons 7 friendly demons
  8548 | D:10     | Reached skill level 10 in Maces & Flails
  8586 | D:10     | Found a staircase to the Orcish Mines.
  8663 | D:10     | XOM: vitrification
  8834 | D:10     | XOM: colour smoke trail
  8912 | D:10     | XOM: confuse monster(s)
  8916 | D:10     | XOM: silly message
  8929 | D:10     | Reached XP level 11. HP: 45/86 MP: 11/11
  8972 | Lair:1   | Entered Level 1 of the Lair of Beasts
  8991 | Lair:1   | XOM: silly message
  9142 | Lair:1   | XOM: harmless Tloc miscast
  9183 | Lair:1   | XOM: potion effect (curing)
  9188 | Lair:1   | XOM: confuse monster(s)
  9191 | Lair:1   | XOM: silly message
  9201 | Lair:1   | XOM: enchant monster (good)
  9219 | Lair:1   | XOM: harmless Trmt miscast
  9310 | Lair:1   | XOM: snakes to sticks
  9321 | Lair:1   | XOM: fake destruction
  9338 | Lair:1   | XOM: 1-stop teleportation journey
  9408 | Lair:1   | XOM: god gift: 4 javelins of penetration
  9480 | Lair:1   | XOM: god gift: encrusted iron wand {god gift}
  9495 | Lair:1   | XOM: fog
  9508 | Lair:1   | XOM: noise
  9512 | Lair:1   | XOM: severe Chrm miscast
  9521 | Lair:1   | XOM: confusion (+ monsters)
  9523 | Lair:1   | XOM: destruction
  9532 | Lair:1   | XOM: noise
  9603 | Lair:1   | XOM: give mutations
  9603 | Lair:1   | Lost mutation: You passively map a small area around you. [Xom's mischief]
  9603 | Lair:1   | Gained mutation: You possess an exceptional clarity of mind. [Xom's mischief]
  9626 | Lair:1   | XOM: mild Chrm miscast
  9637 | Lair:1   | XOM: polymorph spiny frog -> yak
  9781 | Lair:1   | XOM: blink monster(s)
  9791 | Lair:1   | XOM: enchant monster (bad)
  9797 | Lair:1   | XOM: medium Air miscast
  9805 | Lair:1   | XOM: summons 4 friendly demons
  9809 | Lair:1   | XOM: blink monster(s)
  9815 | Lair:1   | XOM: god gift: chain mail {god gift}
  9951 | Lair:1   | XOM: mild Trmt miscast
 10035 | Lair:1   | XOM: harmless Necr miscast
 10247 | Lair:2   | XOM: noise
 10255 | Lair:2   | Noticed a five-headed hydra
 10271 | Lair:2   | Killed a five-headed hydra
 10301 | Lair:2   | Reached skill level 11 in Maces & Flails
 10318 | Lair:2   | XOM: silly message
 10627 | Lair:2   | XOM: swap monsters
 11045 | Lair:2   | XOM: god gift: glass wand {god gift}
 11047 | Lair:2   | XOM: divination: magic mapping
 11299 | Lair:3   | XOM: summons 1 friendly demon
 11384 | Lair:3   | Noticed a griffon
 11392 | Lair:3   | Killed a griffon
 11459 | Lair:3   | XOM: enchant monster (bad)
 11465 | Lair:3   | Reached XP level 12. HP: 57/96 MP: 12/12
 11612 | Lair:3   | XOM: give mutations
 11612 | Lair:3   | Gained mutation: Armour fits poorly on your strangely shaped body. [Xom's mischief]
 11612 | Lair:3   | Lost mutation: Armour fits poorly on your strangely shaped body. [Xom's mischief]
 11612 | Lair:3   | Gained mutation: You passively map a small area around you. [Xom's mischief]
 11612 | Lair:3   | Gained mutation: Your flesh is almost immune to the effects of cold. [Xom's mischief]
 11913 | Lair:3   | Found a shattered altar of Ashenzari.
 11944 | Lair:3   | XOM: summons 6 hostile demons
 12372 | Lair:3   | XOM: silly message
 12430 | Lair:3   | XOM: mild Necr miscast
 12461 | Lair:3   | XOM: noise
 12514 | Lair:3   | XOM: chaos cloud
 12636 | Lair:4   | XOM: give mutations
 12636 | Lair:4   | Lost mutation: You possess an exceptional clarity of mind. [Xom's mischief]
 12636 | Lair:4   | Lost mutation: Your mind is acute. (Int +2) [Xom's mischief]
 12771 | Lair:4   | XOM: enchant monster (good)
 12812 | Lair:4   | Found a hole to the Spider Nest.
 12812 | Lair:4   | XOM: 2-stop teleportation journey
 12813 | Lair:4   | Noticed a five-headed hydra
 12821 | Lair:4   | Killed a five-headed hydra
 12821 | Lair:4   | Reached skill level 10 in Fighting
 12821 | Lair:4   | Reached skill level 12 in Maces & Flails
 12935 | Lair:4   | XOM: harmless Pois miscast
 12943 | Lair:4   | XOM: blink monster(s)
 12954 | Lair:4   | XOM: enchant monster (bad)
 13017 | Lair:4   | Noticed Sonja
 13023 | Lair:4   | XOM: medium Tloc miscast
 13038 | Lair:4   | XOM: 2-stop teleportation journey
 13162 | Lair:4   | XOM: summons 6 hostile demons
 13305 | Lair:4   | Killed Sonja
 13417 | Lair:4   | Noticed Nergalle
 13423 | Lair:4   | Noticed Nergalle
 13423 | Lair:4   | Nergalle changed into Nergalle the snapping turtle
 13423 | Lair:4   | XOM: polymorph Nergalle -> Nergalle the snapping turtle
 13430 | Lair:4   | Killed Nergalle the snapping turtle
 13521 | Lair:4   | Noticed a five-headed hydra
 13535 | Lair:4   | XOM: cast spell 'Summon Horrible Things'
 13539 | Lair:4   | Killed a five-headed hydra
 13697 | Lair:4   | XOM: colour smoke trail
 13960 | Lair:4   | XOM: enchant monster (bad)
 13968 | Lair:4   | XOM: enchant monster (bad)
 13973 | Lair:4   | XOM: medium Pois miscast
 14075 | Lair:4   | XOM: repel stairs
 14341 | Lair:5   | XOM: noise
 14362 | Lair:5   | XOM: summons 3 hostile demons
 14397 | Lair:5   | XOM is BORED!
 14397 | Lair:5   | XOM: severe Fire miscast
 14422 | Lair:5   | Reached skill level 10 in Armour
 14478 | Lair:5   | Noticed an eight-headed hydra
 14487 | Lair:5   | Killed an eight-headed hydra
 14487 | Lair:5   | Reached skill level 10 in Shields
 14487 | Lair:5   | Reached XP level 13. HP: 76/105 MP: 13/13
 14540 | Lair:5   | XOM: colour smoke trail
 15585 | Lair:6   | Found a dark tunnel.
 15601 | Volcano  | Entered a volcano
 15606 | Volcano  | Noticed Urug
 15614 | Volcano  | Killed Urug
 15627 | Volcano  | XOM: summons friendly white imp
 15813 | Lair:6   | Got an ichor-stained buckler
 15819 | Lair:6   | Identified the cursed +0 buckler "Hikhueg" {rPois rCorr Str+4 SInv} (You found it on level 6 of the Lair of Beasts)
 16006 | Lair:6   | Found a staircase to the Swamp.
 16056 | Lair:6   | XOM: silly message
 16271 | Lair:6   | XOM: noise
 16349 | Lair:7   | XOM: silly message
 16352 | Lair:7   | XOM: stat loss: -1 Str (28/29)
 16359 | Lair:7   | XOM: silly message
 16376 | Lair:7   | XOM: polymorph river rat -> gnoll
 16451 | Lair:7   | XOM: mild Hex miscast
 16473 | Lair:7   | XOM: mild Chrm miscast
 16538 | Lair:7   | XOM: confuse monster(s)
 16585 | Lair:7   | XOM: potion effect (curing)
 16606 | Lair:7   | XOM: enchant monster (good)
 16614 | Lair:7   | XOM: summons friendly shadow imp
 16624 | Lair:7   | Found a labyrinth entrance.
 16653 | Lab      | Entered a labyrinth
 16869 | Lab      | XOM: harmless Pois miscast
 16905 | Lab      | Noticed a minotaur
 16924 | Lab      | Killed a minotaur
 16980 | Lab      | Identified a scroll of acquirement
 17011 | Lab      | Got a crude long sword
 17012 | Lab      | Identified the +11 long sword of Bofomiel {slice, Str+4 Stlth+} (You found it in a labyrinth)
 17138 | Lair:7   | XOM: harmless Hex miscast
 17332 | Lair:7   | Noticed Josephine
 17350 | Lair:7   | XOM: confuse monster(s)
 17353 | Lair:7   | Killed Josephine
 17482 | Lair:7   | XOM: noise
 17490 | Lair:7   | XOM: confuse monster(s)
 17498 | Lair:7   | XOM: mild Tloc miscast
 17506 | Lair:7   | XOM: confuse monster(s)
 17513 | Lair:7   | XOM: summons 13 friendly demons
 17712 | Lair:7   | XOM: vitrification
 17903 | Lair:7   | XOM: noise
 17999 | Lair:7   | XOM: destruction
 18027 | Lair:7   | XOM: noise
 18033 | Lair:7   | XOM: colour smoke trail
 18054 | Lair:7   | Found a viscous altar of Jiyva.
 18054 | Lair:7   | Found a staircase to the Slime Pits.
 18108 | Lair:8   | Entered Level 8 of the Lair of Beasts
 18115 | Lair:8   | XOM: noise
 18290 | Lair:7   | XOM: enchant monster (good)
 18323 | Lair:8   | XOM: summons friendly white imp
 18329 | Lair:8   | XOM: cast spell 'Spider Form'
 18517 | Lair:8   | XOM: divination: magic mapping
 18665 | Lair:8   | XOM: summons friendly shadow imp
 18858 | Lair:8   | XOM: noise
 18877 | Lair:8   | XOM: divination: detect items
 18905 | Lair:8   | XOM: cast spell 'Olgreb's Toxic Radiance'
 18907 | Lair:8   | Reached XP level 14. HP: 74/116 MP: 14/14
 18949 | Lair:8   | XOM: harmless Tloc miscast
 19015 | Lair:8   | XOM: 1-stop teleportation journey
 19079 | Lair:8   | XOM: summons 6 friendly demons
 19080 | Lair:8   | XOM: fog
 19101 | Lair:8   | XOM: 9-stop teleportation journey
 19199 | Lair:8   | XOM: swap monsters
 19323 | Lair:8   | XOM: confuse monster(s)
 19335 | Lair:8   | XOM: confuse monster(s)
 19338 | Lair:8   | XOM: confuse monster(s)
 19353 | Lair:8   | XOM: cast spell 'Spider Form'
 19359 | Lair:8   | XOM: cast spell 'Metabolic Englaciation'
 19417 | Lair:8   | XOM: enchant monster (good)
 19441 | Lair:8   | XOM: noise
 19444 | Lair:8   | XOM: cast spell 'Ring of Flames'
 19453 | Lair:8   | XOM: blink monster(s)
 19470 | Lair:8   | XOM: cast spell 'Discord'
 19574 | Lair:8   | XOM: enchant monster (bad)
 19656 | Lair:8   | XOM: summons friendly ufetubus
 19902 | Lair:8   | XOM: harmless Summ miscast
 20191 | Lair:2   | XOM: harmless Necr miscast
 20245 | D:10     | XOM: god gift: plate armour {god gift}
 20290 | Orc:1    | Entered Level 1 of the Orcish Mines
 20294 | Orc:1    | Noticed Maurice
 20298 | Orc:1    | XOM: repel stairs
 20307 | Orc:1    | Killed Maurice
 20310 | Orc:1    | XOM: summons 7 hostile demons
 20400 | Orc:1    | Noticed Fannar
 20417 | Orc:1    | Killed Fannar
 20601 | Orc:2    | Entered Level 2 of the Orcish Mines
 20683 | Orc:2    | Reached skill level 13 in Fighting
 20769 | Orc:1    | XOM: destruction
 20895 | Orc:1    | XOM: swap monsters
 21275 | Orc:2    | Noticed an orc warlord
 21322 | Orc:2    | Paralysed by an orc sorcerer for 7 turns
 21505 | Orc:1    | XOM: summons 3 hostile shadow creatures
 21563 | Orc:1    | XOM: blink monster(s)
 21665 | Orc:2    | XOM: divination: detect items
 21694 | Orc:1    | Killed an orc warlord
 21817 | Orc:2    | Found a staircase to the Elven Halls.
 21819 | Orc:2    | XOM: noise
 22010 | Orc:2    | XOM: god gift: 23 stones
 22024 | Orc:2    | XOM: potion effect (might)
 22036 | Orc:2    | XOM: confuse monster(s)
 22042 | Orc:2    | XOM: destruction
 22047 | Orc:2    | XOM: polymorph centaur -> steam dragon
 22052 | Orc:2    | XOM: summons friendly quasit
 22156 | Orc:1    | XOM: medium Necr miscast
 22193 | Orc:1    | XOM: polymorph orc knight -> eye of devastation
 22212 | Orc:2    | XOM: mild Ice miscast
 22215 | Orc:2    | XOM: polymorph orc -> ooze
 22219 | Orc:2    | XOM: polymorph warg -> golden eye
 22304 | Orc:2    | XOM: noise
 22310 | Orc:2    | XOM: confuse monster(s)
 22434 | Orc:2    | XOM: mild Ice miscast
 22530 | Orc:2    | Found Futiff's Magic Scroll Emporium.
 22530 | Orc:2    | Found Diuq's General Store.
 22531 | Orc:2    | Found Jat Gys's General Store.
 22533 | Orc:2    | Found Paug's Weapon Shoppe.
 22679 | Orc:2    | Bought a scroll of brand weapon for 320 gold pieces
 22682 | Orc:2    | Bought a scroll of enchant weapon for 120 gold pieces
 22818 | Orc:2    | XOM: summons friendly shadow imp
 22938 | Elf:1    | Entered Level 1 of the Elven Halls
 22945 | Elf:1    | XOM: cast spell 'Warp Weapon'
 23011 | Orc:2    | XOM: colour smoke trail
 23050 | Elf:1    | XOM: confusion (+ monsters)
 23099 | Orc:2    | XOM: 2-stop teleportation journey
 23217 | Elf:1    | XOM: mild Tloc miscast
 23454 | Lair:5   | XOM: silly message
 23482 | Swamp:1  | Entered Level 1 of the Swamp
 23632 | Swamp:1  | XOM: cast spell 'Ice Form'
 23737 | Swamp:1  | XOM: enchant monster (good)
 23806 | Swamp:1  | XOM: confuse monster(s)
 24010 | Swamp:1  | XOM: enchant monster (good)
 24016 | Swamp:1  | XOM: smoke on damage
 24021 | Swamp:1  | Gained mutation: You are significantly more attuned to the shadows. [demonic ancestry]
 24021 | Swamp:1  | Reached XP level 15. HP: 38/125 MP: 15/15
 24029 | Swamp:1  | XOM: divination: magic mapping
 24240 | Swamp:1  | XOM: enchant monster (good)
 24421 | Swamp:1  | XOM: confuse monster(s)
 24511 | Swamp:2  | XOM: god gift: great mace {god gift}
 24661 | Swamp:2  | XOM: give mutations
 24661 | Swamp:2  | Gained mutation: You passively map the area around you. [Xom's grace]
 24661 | Swamp:2  | Gained mutation: You have a pair of small horns on your head. [Xom's grace]
 24661 | Swamp:2  | Gained mutation: Your muscles are strong. (Str +2) [Xom's grace]
 24673 | Swamp:2  | XOM: summons 4 friendly demons
 24693 | Swamp:2  | Reached skill level 14 in Fighting
 24819 | Swamp:2  | XOM: blink monster(s)
 24820 | Swamp:2  | XOM: chaos upgrade
 24822 | Swamp:2  | XOM: confusion (+ monsters)
 24922 | Swamp:2  | XOM: confusion
 24990 | Swamp:2  | XOM: 6-stop teleportation journey
 25047 | Swamp:2  | XOM: polymorph alligator -> minotaur
 25077 | Swamp:2  | XOM: silly message
 25370 | Swamp:2  | XOM: mild Necr miscast
 25676 | Swamp:3  | XOM: summons friendly iron imp
 25681 | Swamp:3  | XOM: potion effect (berserk rage)
 25719 | Swamp:3  | XOM: 1-stop teleportation journey
 25778 | Swamp:3  | XOM: divination: detect items
 25940 | Swamp:3  | Noticed a thorn hunter
 25966 | Swamp:3  | Killed a thorn hunter
 26638 | Swamp:4  | Entered Level 4 of the Swamp
 26674 | Swamp:4  | XOM: harmless Necr miscast
 26766 | Swamp:4  | XOM: summons 7 hostile demons
 26770 | Swamp:4  | XOM: noise
 26773 | Swamp:4  | XOM: blink monster(s)
 26811 | Swamp:4  | XOM: 3-stop teleportation journey
 26996 | Swamp:4  | XOM: medium Trmt miscast
 27065 | Swamp:4  | XOM: 1-stop teleportation journey
 27119 | Swamp:4  | XOM: blink monster(s)
 27126 | Swamp:4  | XOM: divination: magic mapping
 27127 | Swamp:4  | XOM: enchant monster (good)
 27127 | Swamp:4  | XOM: smoke on damage
 27151 | Swamp:4  | XOM: 5-stop teleportation journey
 27159 | Swamp:4  | XOM: cast spell 'Cause Fear'
 27162 | Swamp:4  | XOM: medium Ice miscast
 27212 | Swamp:4  | Noticed a thorn hunter
 27365 | Swamp:4  | Gained mutation: When hurt, damage is shared between your health and your magic reserves. [demonic ancestry]
 27365 | Swamp:4  | Reached XP level 16. HP: 97/134 MP: 16/16
 27453 | Swamp:4  | XOM: mild Divn miscast
 27564 | Swamp:4  | XOM: harmless Fire miscast
 27708 | Swamp:4  | Noticed a thorn hunter
 27726 | Swamp:4  | Killed a thorn hunter
 27836 | Swamp:4  | XOM: draining
 27845 | Swamp:4  | Killed a thorn hunter
 27900 | Swamp:4  | Got a decaying rune of Zot
 28088 | Spider:1 | Entered Level 1 of the Spider Nest
 28093 | Lair:4   | XOM: give mutations
 28093 | Lair:4   | Gained mutation: You are highly resistant to hostile enchantments. [Xom's grace]
 28093 | Lair:4   | Gained mutation: You are covered in thick fur (AC +2). [Xom's grace]
 28093 | Lair:4   | Gained mutation: You are completely covered in large bone plates (AC +4, SH +4). [Xom's grace]
 28096 | Lair:4   | XOM: repel stairs
 28250 | Spider:1 | XOM: give mutation
 28250 | Spider:1 | Lost mutation: You can translocate small distances at will. [Xom's mischief]
 28299 | Lair:4   | XOM: colour smoke trail
 28308 | Spider:1 | XOM: polymorph redback -> swamp worm
 28342 | Lair:4   | XOM: summons 1 hostile demon
 28816 | Spider:1 | Reached skill level 15 in Fighting
 28928 | Spider:1 | XOM: 1-stop teleportation journey
 29318 | Spider:2 | XOM: harmless Necr miscast
 29324 | Spider:2 | XOM: divination: detect items
 29333 | Spider:2 | XOM: silly message
 29336 | Spider:2 | XOM: 1-stop teleportation journey
 29369 | Spider:2 | XOM: summons 8 hostile demons
 29497 | Spider:2 | XOM: mild Conj miscast
 30009 | Spider:3 | XOM: torment (75/136 hp)
 30092 | Spider:3 | XOM: god gift: giant club {god gift}
 30401 | Spider:3 | XOM: give mutation
 30401 | Spider:3 | Lost mutation: You passively map the area around you. [Xom's mischief]
 30515 | Spider:3 | XOM: god gift: 13 gold pieces
 30535 | Spider:3 | XOM: god gift: 13 stones
 30556 | Spider:3 | XOM: divination: detect creatures
 30669 | Spider:3 | Got an ancient ring mail
 30670 | Spider:3 | Identified the +0 ring mail of Inaction {MR+ Str+8 Dex-4} (You acquired it on level 3 of the Spider Nest)
 30691 | Spider:4 | Entered Level 4 of the Spider Nest
 30932 | Spider:4 | XOM: 9-stop teleportation journey
 31228 | Spider:4 | XOM: potion effect (brilliance)
 31244 | Spider:4 | XOM: polymorph jumping spider -> death drake
 31249 | Spider:4 | Reached XP level 17. HP: 103/142 MP: 11/17
 31269 | Spider:4 | XOM: chaos cloud
 31274 | Spider:4 | XOM: noise
 31498 | Spider:4 | XOM: scenery: create altars
 31640 | Spider:4 | XOM: cast spell 'Hydra Form'
 31849 | Spider:4 | XOM: god gift: 23 stones
 31988 | Spider:4 | XOM: silly message
 32099 | Spider:4 | XOM: silly message
 32112 | Spider:4 | Got a gossamer rune of Zot
 32141 | Spider:4 | XOM: noise
 32396 | D:10     | XOM: noise
 32621 | Elf:1    | XOM: noise
 32623 | Elf:1    | XOM: enchant monster (good)
 32649 | Elf:1    | XOM: confuse monster(s)
 32661 | Elf:1    | XOM: noise
 32668 | Elf:1    | XOM: harmless Trmt miscast
 32719 | Elf:1    | XOM: mild Divn miscast
 32765 | Elf:1    | XOM: blink monster(s)
 32782 | Elf:1    | XOM: enchant monster (bad)
 32970 | Elf:1    | XOM: colour smoke trail
 32974 | Elf:1    | XOM: noise
 33024 | Elf:1    | XOM: medium Summ miscast
 33040 | Elf:1    | XOM: 2-stop teleportation journey
 33167 | Elf:1    | XOM: cast spell 'Ring of Flames'
 33169 | Elf:1    | Reached skill level 15 in Maces & Flails
 33279 | Elf:1    | XOM: colour smoke trail
 33474 | Elf:1    | XOM: smoke on damage
 33736 | Elf:2    | Found an ancient bone altar of Kikubaaqudgha.
 33834 | Elf:2    | XOM: chaos upgrade
 33842 | Elf:2    | XOM: cast spell 'Dispersal'
 33945 | Elf:2    | Found a huge runed gate.
 33945 | Elf:2    | Found a huge runed gate.
 33945 | Elf:2    | Found a huge runed gate.
 33945 | Elf:2    | XOM: potion effect (berserk rage)
 33947 | Elf:2    | Reached skill level 16 in Fighting
 34010 | Elf:2    | Found a huge runed gate.
 34015 | Elf:2    | Found a huge runed gate.
 34309 | Elf:2    | XOM: 1-stop teleportation journey
 34351 | Elf:2    | XOM: enchant monster (good)
 34353 | Elf:2    | XOM: blink monster(s)
 34358 | Elf:2    | XOM: divination: detect items
 34405 | Elf:2    | Noticed a deep elf blademaster
 34421 | Elf:2    | XOM: confuse monster(s)
 34427 | Elf:2    | HP: 3/144 [burnt (6)]
 34429 | Elf:2    | HP: 1/216 [burnt (3)]
 34430 | Elf:2    | Incinerated by a deep elf mage

Vault maps used:
D:1:      onia_arrival_mini_spirals
D:2:      ecumenical_altar_2, uniq_natasha, uniq_iyjb
D:3:      wad_lake_hut, vehumet_altar_wand_db, first_bread,
          gup_sewer_entry_spiral, lemuel_statue_altar
D:4:      serial_shops, nicolae_shop_behind_doors, nicolae_shop_statue_plus,
          shop, shop, uniq_robin, uniq_grinder, uniq_edmund
D:5:      okawaru_gym_becter
D:6:      minmay_temple_entry_overgrown
D:7:      minmay_opposing_rooms, grunt_ogre_cave
D:8:      lemuel_ice_spiral_2, kennysheep_ying_yang, lemuel_doored_altar,
          minmay_misc_feat_rows
D:9:      slow_altar_2, grunt_temple_overflow_open, uniq_grum
D:10:     lair_0_dummy, erik_orc_1, serial_shops, shop
Lair:2:   lemuel_fruit_tree
Lair:3:   basic_altar, beast_lair_carwin_1
Lair:4:   nicolae_spider_entry_tight_spaces, minmay_lair_oklob_bushes,
          uniq_sonja, uniq_nergalle
Lair:5:   wad_woods_04
Lair:6:   minmay_swamp_entry_worms, enter_volcano_3
Lair:7:   lemuel_slime, slime_altar_1, lab_entry_generic,
          small_statue_intersection, grunt_forest_small_clearings,
          uniq_josephine
Lair:8:   minmay_lair_end_frog_pond
Swamp:1:  evilmike_swamp_ruin_rubble_1, swamp_pool4,
          nicolae_swamp_trees_clearing, nicolae_swamp_feature_on_the_river_bank
Swamp:2:  hangedman_swamp_blocks
Swamp:3:  evilmike_swamp_ruin_house_5, swamp_pool1
Swamp:4:  swamp_basic_johnstein, swamp_pool4
Spider:2: nicolae_spider_cling_ruins
Spider:3: minivault_29
Spider:4: spider_rune_water
Orc:1:    rock_pile, uniq_maurice, uniq_fannar, uniq_urug
Orc:2:    st_orc_rangers
Elf:1:    eino_elf_arrival_shootout
Elf:2:    basic_altar, nicolae_twisting_strands, uniq_asterion
Lab:      labyrinth_hidden_loot, nicolae_lab_lava, lab_hedge,
          labyrinth_skeletal_remains
Volcano:  volcano_caves

Action                   |  1- 3 |  4- 6 |  7- 9 | 10-12 | 13-15 | 16-18 || total
-------------------------+-------+-------+-------+-------+-------+-------++-------
Melee: Flail             |    66 |       |       |       |       |       ||    66
       Whip              |    38 |   196 |   480 |   991 |  1801 |       ||  3506
       Unarmed           |       |       |       |     3 |     5 |     4 ||    12
       Morningstar       |       |       |       |       |   591 |  1002 ||  1593
 Abil: Evoke Flight      |       |       |       |       |     1 |       ||     1
Evoke: Wand              |       |       |     6 |     3 |     3 |     1 ||    13
  Use: Scroll            |       |    10 |     4 |    10 |    23 |     9 ||    56
       Potion            |       |     8 |     4 |    15 |     9 |    14 ||    50
 Stab: Invisible         |       |       |     2 |       |       |       ||     2
       Sleeping          |       |       |     1 |    19 |    17 |    14 ||    51
       Confused          |       |       |       |    13 |    38 |     1 ||    52
       Distracted        |       |       |       |     5 |    10 |     5 ||    20
       Petrifying        |       |       |       |       |     6 |       ||     6
       Paralysed         |       |       |       |       |     4 |     1 ||     5
  Eat: Chunk             |       |     9 |    14 |    25 |    42 |    19 ||   109
       Fruit             |       |       |       |       |     4 |     6 ||    10
       Royal jelly       |       |       |       |       |       |     1 ||     1
